 Dungeon Crawl Stone Soup version 0.21.1-1-g345015f (webtiles) character file.

235 wilfster70 the Magician (level 6, -11/50 HPs)
             Began as a Gnoll Wanderer on Mar 1, 2018.
             Killed from afar by Ijyb (19 damage)
             ... with a wand of acid (10)
             ... on level 3 of the Dungeon.
             The game lasted 00:09:40 (3558 turns).

wilfster70 the Magician (Gnoll Wanderer)            Turns: 3558, Time: 00:09:40

Health: -11/50     AC:  4    Str: 14    XL:     6   Next: 6%
Magic:  16/16      EV: 15    Int: 14    God:
Gold:   127        SH:  0    Dex: 22    Spells: 13/19 levels left

rFire    . . .     SeeInvis .   a - +0 short sword
rCold    . . .     Gourm    .   (no shield)
rNeg     . . .     Faith    .   d - +0 robe
rPois    .         Spirit   .   e - +0 helmet
rElec    .         Reflect  .   p - +0 cloak
rCorr    .         Harm     .   (no gloves)
MR       .....                  (no boots)
Stlth    ++........             (no amulet)
HPRegen  0.16/turn              k - +5 ring of dexterity
MPRegen  0.15/turn              v - +2 ring of evasion

@: no status effects
A: distributed training, fangs 1, strong nose
a: no special abilities


You were on level 3 of the Dungeon.
You were hungry.

You visited 1 branch of the dungeon, and saw 3 of its levels.

You collected 127 gold pieces.

Inventory:

Hand Weapons
 a - a +0 short sword (weapon)
 b - a +2 dagger of holy wrath
Missiles
 n - 6 tomahawks (quivered)
Armour
 d - a +0 robe (worn)
 e - a +0 helmet (worn)
 p - a +0 cloak (worn)
Jewellery
 i - a cursed ring of loudness {unknown}
 k - a +5 ring of dexterity (left hand)
 v - a +2 ring of evasion (right hand)
Scrolls
 g - 2 scrolls of immolation {unknown}
 h - a scroll of enchant weapon {unknown}
 j - 2 scrolls of identify {unknown}
 q - 2 scrolls of noise {unknown}
 w - a scroll of remove curse {unknown}
Potions
 l - 2 potions of cancellation {unknown}
 m - a potion of might {unknown}
 o - 2 potions of curing {unknown}
 r - a potion of heal wounds
 u - a potion of magic {unknown}
Books
 c - a book of Minor Magic

   Spells                             Type                      Level
   a - Magic Dart                     Conjuration                  1
   b - Blink                          Translocation                2
   c - Call Imp                       Summoning                    2
   d - Slow                           Hexes                        2
   e - Conjure Flame                  Conjuration/Fire             3
   f - Mephitic Cloud                 Conjuration/Poison/Air       3
 t - the Guide on the Traveller

   Spells                             Type                      Level
   a - Apportation                    Translocation                1
   b - Portal Projectile              Hexes/Translocation          3
Comestibles
 f - 3 rations
 s - 7 chunks of flesh


   Skills:
 + Level 4.9 Fighting
 + Level 3.1 Short Blades
 + Level 1.7 Long Blades
 + Level 1.7 Axes
 + Level 1.7 Maces & Flails
 + Level 1.7 Polearms
 + Level 1.7 Staves
 + Level 1.7 Slings
 + Level 1.7 Bows
 + Level 1.7 Crossbows
 + Level 1.7 Throwing
 + Level 1.7 Armour
 + Level 1.7 Dodging
 + Level 1.7 Stealth
 + Level 3.1 Shields
 + Level 1.7 Unarmed Combat
 + Level 7.3 Spellcasting
 + Level 1.3 Conjurations
 + Level 2.5 Hexes
 + Level 1.3 Charms
 + Level 1.3 Summonings
 + Level 1.3 Necromancy
 + Level 1.3 Translocations
 + Level 2.5 Transmutations
 + Level 1.3 Fire Magic
 + Level 1.3 Ice Magic
 + Level 1.3 Air Magic
 + Level 1.3 Earth Magic
 + Level 1.3 Poison Magic
 + Level 1.9 Invocations
 + Level 3.1 Evocations


You had 13 spell levels left.
You knew the following spells:

 Your Spells              Type           Power        Failure   Level  Hunger
a - Magic Dart            Conj           #...         8%          1    None
b - Slow                  Hex            ##......     8%          2    None
c - Conjure Flame         Conj/Fire      #.......     24%         3    ##.....


Dungeon Overview and Level Annotations

Branches:
Dungeon (3/15)

Altars:

Annotations:
D:3 Ijyb


Innate Abilities, Weirdness & Mutations

Your experience applies equally to all skills.
You have very sharp teeth.
Your uncanny sense of smell can sniff out nearby items.


Message History

The goblin shoots a stone.
The stone closely misses you.
The goblin unwields an uncursed hunting sling.
The goblin misses you.
You see here a goblin corpse.
You closely miss the goblin. Your bite misses the goblin. You hit Ijyb.
You bite Ijyb, but do no damage.
Ijyb is lightly wounded.
You hit Ijyb. You bite Ijyb, but do no damage.
Ijyb is moderately wounded.
Ijyb closely misses you.
You barely miss Ijyb.
Ijyb is moderately wounded.
Ijyb zaps a wand.
The bolt of acid hits you!
You are splashed with acid!
The acid burns!
* * * LOW HITPOINT WARNING * * *
It is a wand of acid (10).
You barely miss Ijyb. You bite Ijyb.
Ijyb is moderately wounded.
Ijyb zaps a wand.
The bolt of acid hits you!
You die...

###)# #.# #.# #.# #.#
#.# #.# #.# #.# #.#
#.###########
#.#(#..?.?..#
#.#.#8.....8#
#.#@#......g#
##.#g#8gg...8# .#
#..#g#.......# ..#
#.##g#8gg...8# #.#
#.##.#.gg....####.###
#.##.#8.....8##.....#
#.##.#((.....##.....#
#.##.........##.....#
#.##........###.....#


You could see Ijyb and 2 goblins.

Vanquished Creatures
  An orc priest (D:3)
  3 orc wizards
  5 adders
  A worm (D:2)
  A leopard gecko (D:2)
  7 orcs
  A ball python (D:3)
  3 bats
  5 giant cockroaches
  11 goblins
  9 hobgoblins
  7 jackals
  5 frilled lizards
  10 kobolds
  2 rats
71 creatures vanquished.

Vanquished Creatures (others)
  A rat (D:3)
1 creature vanquished.

Grand Total: 72 creatures vanquished

Notes
Turn   | Place    | Note
-------+----------+-------------------------------------------
     0 | D:1      | wilfster70 the Gnoll Wanderer began the quest for the Orb.
     0 | D:1      | wilfster70 set off with: a book of Minor Magic, the Guide on the Traveller, a +0 short sword, a +0 robe, a ration
     0 | D:1      | Reached XP level 1. HP: 20/20 MP: 8/8
     0 | D:1      | Identified the Guide on the Traveller
     2 | D:1      | Learned a level 1 spell: Magic Dart
   127 | D:1      | Reached XP level 2. HP: 24/26 MP: 10/10
   663 | D:1      | Reached XP level 3. HP: 28/31 MP: 11/11
  1196 | D:2      | Reached skill level 1 in Invocations
  1202 | D:2      | Learned a level 2 spell: Slow
  1414 | D:2      | Reached skill level 1 in Long Blades
  1414 | D:2      | Reached skill level 1 in Axes
  1414 | D:2      | Reached skill level 1 in Maces & Flails
  1414 | D:2      | Reached skill level 1 in Polearms
  1414 | D:2      | Reached skill level 1 in Staves
  1414 | D:2      | Reached skill level 1 in Slings
  1414 | D:2      | Reached skill level 1 in Bows
  1414 | D:2      | Reached skill level 1 in Crossbows
  1414 | D:2      | Reached skill level 1 in Throwing
  1414 | D:2      | Reached skill level 1 in Armour
  1414 | D:2      | Reached skill level 1 in Dodging
  1414 | D:2      | Reached skill level 1 in Stealth
  1414 | D:2      | Reached skill level 1 in Unarmed Combat
  1414 | D:2      | Reached XP level 4. HP: 32/38 MP: 13/13
  2156 | D:2      | Reached skill level 1 in Conjurations
  2156 | D:2      | Reached skill level 1 in Charms
  2156 | D:2      | Reached skill level 1 in Summonings
  2156 | D:2      | Reached skill level 1 in Necromancy
  2156 | D:2      | Reached skill level 1 in Translocations
  2156 | D:2      | Reached skill level 1 in Fire Magic
  2156 | D:2      | Reached skill level 1 in Ice Magic
  2156 | D:2      | Reached skill level 1 in Air Magic
  2156 | D:2      | Reached skill level 1 in Earth Magic
  2156 | D:2      | Reached skill level 1 in Poison Magic
  2156 | D:2      | Reached XP level 5. HP: 33/43 MP: 10/14
  2993 | D:3      | Learned a level 3 spell: Conjure Flame
  3198 | D:3      | Reached XP level 6. HP: 23/50 MP: 4/16
  3530 | D:3      | Noticed Ijyb
  3558 | D:3      | Killed from afar by Ijyb

Skill      XL: |  1  2  3  4  5 |
---------------+----------------+-----
Hexes          | 2 |  2.5
Transmutations | 2 |  2.5
Invocations    | 1 |  1.9
Long Blades    | 1 |  1.7
Axes           | 1 |  1.7
Maces & Flails | 1 |  1.7
Polearms       | 1 |  1.7
Staves         | 1 |  1.7
Slings         | 1 |  1.7
Bows           | 1 |  1.7
Crossbows      | 1 |  1.7
Throwing       | 1 |  1.7
Armour         | 1 |  1.7
Dodging        | 1 |  1.7
Stealth        | 1 |  1.7
Unarmed Combat | 1 |  1.7
Conjurations   | 1 |  1.3
Charms         | 1 |  1.3
Summonings     | 1 |  1.3
Necromancy     | 1 |  1.3
Translocations | 1 |  1.3
Fire Magic     | 1 |  1.3
Ice Magic      | 1 |  1.3
Air Magic      | 1 |  1.3
Earth Magic    | 1 |  1.3
Poison Magic   | 1 |  1.3
Short Blades   | 3 |  3.1
Shields        | 3 |  3.1
Evocations     | 3 |  3.1
Fighting       | |  4.9
Spellcasting   | |  7.3

Action                   |  1- 3 |  4- 6 || total
-------------------------+-------+-------++-------
Melee: Short sword       |   114 |   198 ||   312
       Bite              |    19 |    32 ||    51
       Punch             |     1 |     2 ||     3
 Cast: Magic Dart        |    15 |    21 ||    36
  Use: Potion            |       |     1 ||     1
 Stab: Sleeping          |     5 |     4 ||     9
  Eat: Chunk             |     1 |     7 ||     8
Armor: Robe              |    46 |    48 ||    94
Dodge: Dodged            |    65 |    90 ||   155
